 Dungeon Crawl Stone Soup version 0.27.1-34-g3ba077fa99 (webtiles) character file.

Game seed: 8849817863263667291

127 McKennaii the Poker (level 4, -7/35 HPs)
             Began as a Demonspawn Fighter on Jan 16, 2022.
             Mangled by an ogre (17 damage)
             ... on level 5 of the Dungeon.
             The game lasted 00:04:36 (2868 turns).

McKennaii the Poker (Demonspawn Fighter)            Turns: 2868, Time: 00:04:37

Health: -7/35      AC: 18    Str: 17    XL:     4   Next: 85%
Magic:  4/4        EV:  4    Int: 10    God:
Gold:   29         SH:  9    Dex: 12    Spells: 3/3 levels left

rFire    . . .     SeeInvis .   a - +0 trident
rCold    . . .     Faith    .   c - +0 kite shield
rNeg     . . .     Spirit   .   f - +0 chain mail
rPois    .         Reflect  .   j - +2 helmet
rElec    .         Harm     .   (no cloak)
rCorr    .         Rampage  .   (no gloves)
Will     .....                  (no boots)
Stlth    ..........             (no amulet)
HPRegen  0.11/turn              (no ring)
MPRegen  0.09/turn              (no ring)

@: mighty, sanguine armoured, studying Polearms
A: claws 1, ignite blood 1, sanguine armour 1
a: no special abilities


You were on level 5 of the Dungeon.
You visited 1 branch of the dungeon, and saw 4 of its levels.

You collected 99 gold pieces.
You spent 70 gold pieces at shops.

Inventory:

Hand Weapons
 a - a +0 trident (weapon)
Armour
 c - a +0 kite shield (worn)
 f - a +0 chain mail (worn)
 j - a +2 helmet (worn)
Scrolls
 b - 3 scrolls of amnesia
 k - 2 scrolls of enchant armour
Potions
 g - a potion of berserk rage
 h - 2 potions of lignification
 i - a potion of brilliance {unknown}
 n - a potion of curing
 o - a potion of resistance {unknown}


   Skills:
 - Level 3.0 Fighting
 * Level 3.5 Polearms
 + Level 3.4 Armour
 + Level 3.4 Shields


You had 3 spell levels left.
You didn't know any spells.
Your spell library contained the following spells:

 Spells                   Type           Power      Damage    Failure   Level
 Magic Dart               Conj           0%         1d3       100%        1
 Searing Ray              Conj           0%         3d3       100%        2
 Slow                     Hex            0%         N/A       100%        2
 Confusing Touch          Hex            0%         N/A       100%        3
 Fulminant Prism          Conj/Hex       0%         3d6       100%        4
 Yara's Violent Unravell  Hex/Tmut       0%         3d3       100%        5


Dungeon Overview and Level Annotations

Branches:
Dungeon (3/15)

Altars:
Elyvilon
Sif Muna

Shops:
D:3 [*(


Innate Abilities, Weirdness & Mutations

You have sharp fingernails.
Your demonic aura sometimes causes spilled blood to erupt in flames.
When seriously injured, your bleeding wounds create armour. (AC +6)


Message History

As you read the scroll of identify, it crumbles to dust.
h - 2 potions of lignification
Okay, then.
An adder zombie comes into view.
You reach to attack!
You barely miss the adder zombie. You block the adder zombie's attack.
You closely miss the adder zombie.
The adder zombie bites you but does no damage.
You puncture the adder zombie!
The adder zombie is heavily damaged.
The adder zombie bites you.
The adder zombie bites you but does no damage.
You closely miss the adder zombie.
The adder zombie is heavily damaged.
The adder zombie bites you but does no damage.
You closely miss the adder zombie.
The adder zombie is heavily damaged.
The adder zombie bites you. The adder zombie barely misses you.
You hit the adder zombie.
The adder zombie is severely damaged.
The adder zombie bites you but does no damage.
You puncture the adder zombie!
You destroy the adder zombie!
An ogre comes into view. It is wielding a +0 giant club.
Okay, then.
You hit the ogre but do no damage. The ogre barely misses you.
You barely miss the ogre. You block the ogre's attack.
You completely miss the ogre. The ogre hits you with a +0 giant club!
Your blood congeals into armour.
You barely miss the ogre.
You hear the slow rusting of a very distant drain.
You block the ogre's attack.
You feel very mighty all of a sudden. You block the ogre's attack.
You barely miss the ogre. The ogre completely misses you.
Your shield and chain mail prevent you from hitting the ogre.
The ogre hits you with a +0 giant club!
* * * LOW HITPOINT WARNING * * *
You barely miss the ogre. The ogre hits you with a +0 giant club!
You die...

#.# #.# #.# ####### #.#
#......###.#############
#...@................
#.#O#.....##########.
#.##...## #. #. ##.## #.
#. #.# ##. #. #.# ##..
#. #+# #..# .. #...
##.##


You could see an ogre.

Vanquished Creatures
  Robin (D:2)
  2 adders (D:2)
  An adder zombie (D:5)
  2 worms (D:2)
  3 dart slugs
  3 endoplasms (D:2)
  4 giant cockroaches
  13 goblins
  12 hobgoblins
  6 jackals
  2 quokkas (D:1)
  11 ball pythons
  3 bats (D:2)
  3 frilled lizards
  6 kobolds
  4 rats
76 creatures vanquished.

Notes
Turn   | Place    | Note
-------+----------+-------------------------------------------
     0 | D:1      | McKennaii the Demonspawn Fighter began the quest for the
                  | Orb.
     0 | D:1      | Reached XP level 1. HP: 18/18 MP: 1/1
   337 | D:1      | Gained mutation: When seriously injured, your bleeding
                  | wounds create armour. (AC +6) [demonic ancestry]
   337 | D:1      | Reached XP level 2. HP: 24/24 MP: 2/2
   656 | D:1      | Gained mutation: Your demonic aura sometimes causes spilled
                  | blood to erupt in flames. [demonic ancestry]
   656 | D:1      | Reached XP level 3. HP: 29/29 MP: 3/3
   832 | D:1      | Found a faded altar of an unknown god.
  1723 | D:2      | Gained mutation: You have sharp fingernails. [demonic
                  | ancestry]
  1723 | D:2      | Reached XP level 4. HP: 29/35 MP: 4/4
  1832 | D:2      | Noticed Robin
  2163 | D:2      | Killed Robin
  2629 | D:3      | Found Velusec's Armour Boutique.
  2632 | D:3      | Found Kaiph's General Store.
  2646 | D:3      | Bought a potion of curing for 42 gold pieces
  2646 | D:3      | Bought a scroll of identify for 28 gold pieces
  2660 | D:3      | Found a shimmering blue altar of Sif Muna.
  2816 | D:3      | Found Tauski's Antique Weapon Emporium.
  2817 | D:3      | You fall into a shaft and drop 2 floors!
  2817 | D:5      | Entered Level 5 of the Dungeon
  2821 | D:5      | Identified a scroll of acquirement
  2821 | D:5      | Acquired a manual of Polearms
  2860 | D:5      | Noticed an ogre
  2868 | D:5      | Mangled by an ogre

Illustrated notes

Levels and vault maps discovered:
D:1:      minmay_arrival_cross, layout_basic, hellmonk_ecumenical_altar_zigzags
D:2:      layout_basic, uniq_robin
D:3:      layout_basic, minitemple, serial_shops, nicolae_shop_statue_plus,
          shop, nicolae_shop_trees, nicolae_square_shop, shop,
          minmay_misc_feat_x
D:5:      layout_loops_corners, mainiacjoe_overflow_six_doors_small,
          lemuel_crystal_altar, ebering_ghost_disaster_area,
          gup_sewer_entry_spiral, ebering_dispersal_statue_hall

Skill      XL: |  1  2  3 |
---------------+----------+-----
Polearms       | 2 3 |  3.5
Armour         | 3 |  3.4
Shields        | 3 |  3.4
Fighting       | |  3.0

Action                   |  1- 3 |  4- 6 || total
-------------------------+-------+-------++-------
Melee: Trident           |   159 |   133 ||   292
  Use: Scroll            |       |     6 ||     6
       Potion            |       |     1 ||     1
Armor: Scale mail        |    15 |       ||    15
       Chain mail        |    66 |    66 ||   132
Dodge: Dodged            |    23 |    16 ||    39
Block: Kite shield       |    78 |    57 ||   135
